 Dungeon Crawl Stone Soup version 0.26-a0-949-ga0cc1ef5f6 (webtiles) character file.

Game seed: 12553423156959685864

35 miscthings the Vandal (level 3, -12/24 HPs)
             Began as a Halfling Hunter on Nov 28, 2020.
             Mangled by an orc warrior
             ... wielding a +0 morningstar
              (20 damage)
             ... on level 2 of the Dungeon.
             The game lasted 00:01:58 (952 turns).

miscthings the Vandal (Halfling Hunter)              Turns: 952, Time: 00:01:59

Health: -12/24     AC:  3    Str: 14    XL:     3   Next: 55%
Magic:  3/3        EV: 14    Int:  9    God:
Gold:   48         SH:  0    Dex: 14    Spells: 2/2 levels left

rFire    . . .     SeeInvis .   a - +1 hunting sling
rCold    . . .     Faith    .   (shield restricted)
rNeg     . . .     Spirit   .   c - +0 leather armour
rPois    .         Reflect  .   (no helmet)
rElec    .         Harm     .   (no cloak)
rCorr    .         Rampage  .   (no gloves)
MR       .....                  (no boots)
Stlth    +.........             (no amulet)
HPRegen  0.08/turn              h - ring of flight
MPRegen  0.08/turn              (no ring)

@: no status effects
A: small, mutation resistance 1
a: Evoke Flight


You were on level 2 of the Dungeon.
You visited 1 branch of the dungeon, and saw 2 of its levels.

You collected 48 gold pieces.

Inventory:

Hand Weapons
 a - a +1 hunting sling (weapon)
 b - a +0 short sword
Missiles
 d - 16 sling bullets
 f - 71 stones (quivered)
Armour
 c - a +0 leather armour (worn)
Jewellery
 h - a ring of flight (left hand)
Scrolls
 g - a scroll of identify {@r1}
 i - a scroll of enchant weapon
 j - a scroll of fog


   Skills:
 - Level 1.7 Fighting
 + Level 7.4 Slings
 - Level 2.1 Dodging
 - Level 1.1 Stealth


You had 2 spell levels left.
You didn't know any spells.
Your spell library was empty.

Dungeon Overview and Level Annotations

Branches:
Dungeon (2/15)

Altars:


Innate Abilities, Weirdness & Mutations

You are small and have problems with some larger weapons.
You are somewhat resistant to further mutation.


Message History

It was a potion of curing.
You feel better. The orc wizard completely misses you.
The orc warrior hits you with a +0 morningstar!
It was a potion of cancellation.
You feel magically purged. The orc wizard misses you.
The orc warrior hits you with a +0 morningstar.
Fire: 73 stones
Press: ? - help, Q - select action, (/) - cycle Shift-Dir - straight line, f - orc wizard
Aim: an orc wizard, wielding a +0 dagger and wearing a +0 robe (black smoke)
You shoot a stone.
The stone closely misses the orc wizard.
The orc wizard hits you but does no damage.
Fire: 72 stones
Press: ? - help, Q - select action, (/) - cycle Shift-Dir - straight line, f/p - orc wizard
Aim: an orc wizard, wielding a +0 dagger and wearing a +0 robe (black smoke)
You shoot a stone.
The stone completely misses the orc wizard.
The orc warrior hits you with a +0 morningstar!!
Ouch! That really hurt!
You die...

#.
##..####.......#####
#. #.##.#.##
##....).# #.
#.#.###.## ##...#.#
#. #..## ##.#
#####+# ##
###.###.## ...
##.#.## .... #..#.##
.?...
##.#..§####g.....
.......§o@ooo.(...
###.#..§####o...?.
#.##.## ..... #.####
.g.. #.# o.. #. +#


You could see an orc warrior, an orc wizard, 3 orcs and a hobgoblin.

Vanquished Creatures
  A worm (D:2)
  2 dart slugs (D:1)
  2 leopard geckos (D:1)
  3 goblins
  4 hobgoblins
  2 jackals (D:2)
  4 kobolds (D:1)
  A ball python (D:1)
  3 bats (D:1)
  A frilled lizard (D:1)
  A rat (D:1)
24 creatures vanquished.

Notes
Turn   | Place    | Note
-------+----------+-------------------------------------------
     0 | D:1      | miscthings the Halfling Hunter began the quest for the Orb.
     0 | D:1      | Reached XP level 1. HP: 14/14 MP: 1/1
    79 | D:1      | Reached skill level 6 in Slings
   193 | D:1      | Reached XP level 2. HP: 19/19 MP: 2/2
   395 | D:1      | Reached skill level 7 in Slings
   395 | D:1      | Reached XP level 3. HP: 24/24 MP: 3/3
   938 | D:2      | Noticed an orc warrior
   952 | D:2      | Mangled by an orc warrior

Illustrated notes

Levels and vault maps discovered:
D:1:      psy_arrival_radial01, layout_basic, dk_noncrumbling_4,
          chequers_serial_rivers_small_a, kennysheep_crisscross
D:2:      layout_loops_corners

Skill      XL: |  1  2 |
---------------+-------+-----
Slings         | 6 7 |  7.4
Fighting       | |  1.7
Dodging        | |  2.1
Stealth        | |  1.1

Action                   || total
-------------------------++-------
 Fire: Hunting sling     ||    75
  Use: Scroll            ||     2
       Potion            ||     2
Armor: Leather armour    ||     5
Dodge: Dodged            ||    18

Table legend: (Time is in decaauts)
 A = Elapsed time spent in this place.
 B = Non-inter-level travel time spent in this place.
 C = Inter-level travel time spent in this place.
 D = Time resting spent in this place.
 E = Time spent auto-exploring this place.
 F = Levels seen in this place.
 G = Mean time per level.
                   A        B        C        D        E       F      G
               +--------+--------+--------+--------+--------+-----+--------+
         Total |    943 |    928 |     15 |      0 |    811 |   2 |  471.5 |
       Dungeon |    943 |    928 |     15 |      0 |    811 |   2 |  471.5 |
               +--------+--------+--------+--------+--------+-----+--------+

Top non-repeatable levels by time:
     D:1: 854 daAuts
     D:2: 89 daAuts
